cohdb
Replays
Latest Replays
All Replays
Popular Replays
Top Player Replays
Match Explorer
How It Works
Community
CoH3 Stats
Reddit
Sign in to upload your games and track your stats! →
Sign in with Steam
Match 43064206
Unlisted
Match 43064206
Overview
Messages
Build Orders
End
Kradschützen Motorcycle Team
Selects Italian Infantry
Panzergrenadier Squad
Panzergrenadier Squad
Construct Light Support Kompanie
Panzerjäger Squad
2.5-tonne Medical Truck
Selects Guastatori Squad
Guastatori Squad
Fire Support Elements
Grongolock
energiazers
0
0
Comments
sign in to comment!
No comments posted yet!